 Dungeon Crawl Stone Soup version 0.15.0-14-g6bbbb5c (console) character file.

2697 gw the Cleaver (level 9, 0/81 HPs)
             Began as a Deep Dwarf Fighter on Sept 4, 2014.
             Was a Believer of Makhleb.
             Succumbed to a manticore's barbed spikes
             ... on Level 9 of the Dungeon.
             The game lasted 00:06:27 (6790 turns).

gw the Cleaver (Deep Dwarf Fighter)                 Turns: 6790, Time: 00:06:27

HP   0/81        AC 13     Str 19      XL: 9   Next: 38%
MP   7/7         EV  7     Int 10      God: Makhleb [**....]
Gold 0           SH  0     Dex 15      Spells:  0 memorised,  8 levels left

rFire  + . .     SeeInvis .     e - +0 battleaxe
rCold  . . .     Clarity  .     p - +0 chain mail (curse)
rNeg   . . .     rCorr    .     (no shield)
rPois  .         rRot     .     m - +0 helmet
rElec  .         Spirit   .     (no cloak)
SustAb .         Warding  .     (no gloves)
rMut   .         Stasis   .     A - +0 pair of boots
Gourm  .                        t - amulet of faith
MR     +....                    g - cursed ring of loudness
                                q - ring of protection from fire

@: manticore barbs, non-regenerating, somewhat resistant to hostile
enchantments, extremely unstealthy
A: damage resistance, recharge devices, sense surroundings 2, slow healing 3
a: Device Recharging, Minor Destruction, Renounce Religion


You were on level 9 of the Dungeon.
You worshipped Makhleb.
Makhleb was pleased with you.
You were not hungry.

You visited 2 branches of the dungeon, and saw 10 of its levels.

Inventory:

Hand weapons
 e - a +0 battleaxe (weapon)
Missiles
 c - 223 stones (quivered)
Armour
 m - a +0 helmet (worn)
 p - a cursed +0 chain mail (worn)
 w - a +0 plate armour
 A - a +0 pair of boots (worn)
 D - a +0 plate armour
Magical devices
 a - a wand of teleportation (3)
 d - a wand of heal wounds (3)
 h - a wand of fireball (4)
 u - a wand of paralysis (1)
 x - a wand of magic darts (7)
 y - a wand of digging (4)
 z - a wand of lightning (6) {unknown}
Comestibles
 f - 10 bread rations
 n - 3 beef jerkies
 o - 3 meat rations
 C - a slice of pizza
Scrolls
 b - 9 scrolls of identify
 i - a scroll of amnesia
 l - a scroll of blinking
Jewellery
 g - a cursed ring of loudness (right hand)
 q - a ring of protection from fire (left hand)
 t - an amulet of faith (around neck)
 v - a +1 ring of dexterity {unknown}
 B - a +6 ring of evasion {unknown}
Potions
 j - 6 potions of curing
 k - a potion of brilliance
 r - a potion of restore abilities
 s - a potion of agility


   Skills:
 + Level 5.3 Fighting
 * Level 8.9 Axes
 + Level 4.7 Throwing
 + Level 6.8 Armour
   Level 3.2 Shields
 + Level 5.5 Invocations


You had 8 spell levels left.
You didn't know any spells.

Dungeon Overview and Level Annotations

Branches:
Dungeon (9/15)             Temple (1/1) D:5             Orc (0/4) D:9
   Lair: D:8-11

Altars:
Ashenzari
Cheibriados
Dithmenos
Elyvilon
Fedhas
Kikubaaqudgha
Makhleb
Nemelex Xobeh
Okawaru
Qazlal
Sif Muna
Trog
Vehumet
Xom
Yredelemnul
Zin
The Shining One

Shops:
D:6 *

Portals:
Ossuary: D:6


Innate Abilities, Weirdness & Mutations

You are resistant to damage.
You can recharge devices by infusing magical energy.
You passively map the area around you.
You do not heal naturally.


Message History

Reset throwing quiver to default.
The barbed spikes dig painfully into your body as you move.
Quiver which item? (- for none, * to show all) (? for menu, Esc to quit)
Reset throwing quiver to default.
The barbed spikes dig painfully into your body as you move.
Quiver which item? (- for none, * to show all) (? for menu, Esc to quit)
Reset throwing quiver to default.
The barbed spikes dig painfully into your body as you move.
Found a plate armour.
Quiver which item? (- for none, * to show all) (? for menu, Esc to quit)
Reset throwing quiver to default.
The barbed spikes dig painfully into your body as you move.
Found a leather armour.
Quiver which item? (- for none, * to show all) (? for menu, Esc to quit)
Reset throwing quiver to default.
The barbed spikes dig painfully into your body as you move.
Quiver which item? (- for none, * to show all) (? for menu, Esc to quit)
Reset throwing quiver to default.
The barbed spikes dig painfully into your body as you move.
You die...

..#..........##....###
, * ..#
#####.####.........,
..# #..........#.#. ,
..# ##..#........... <
..# ###.....#.....###
* ..# #.....###.....#
* ..# .#.#.....#.### *
, , ..#
##.#.#######.#####.# ,
* ..###....#
#...[g.....# *
.......#
##.###.#####.#* * *
.......# .# * #.#
####...#.# #.# , ,
##....###.# #.# * *
#####......... ... *
#............. ... ,
.......#..### ##. * *
#.######..# *. , ,


There were no monsters in sight!

Table legend:
 A = Turns spent in this place as a percentage of turns spent in the entire game.
 B = Non-inter-level travel turns spent in this place as a percentage of non-inter-level travel turns spent in the entire game.
 C = Inter-level travel turns spent in this place as a percentage of turns spent in this place.
 D = Turns resting spent in this place as a percentage of non-inter-level travel turns spent in this place.
 E = Turns spent auto-exploring this place as a percentage of non-inter-level travel turns spent in this place.
 F = Non-inter-level travel turns spent in this place divided by the number of levels of this place that you've seen.
                   A       B       C       D       E      F
               +-------+-------+-------+-------+-------+----------------------
         Total | 100.0 | 100.0 |   1.5 |   0.0 |  12.9 | 275.8
       Dungeon |  98.6 |  98.7 |   1.5 |   0.0 |  12.6 | 302.3
        Temple |   1.4 |   1.3 |   2.6 |   0.0 |  40.5 |  37.0
               +-------+-------+-------+-------+-------+----------------------

Table legend:
 A = Kills in this place as a percentage of kills in entire the game.
 B = Kills by you in this place as a percentage of kills by you in the entire game.
 C = Kills by friends in this place as a percentage of kills by friends in the entire game.
 D = Other kills in this place as a percentage of other kills in the entire game.
 E = Experience gained in this place as a percentage of experience gained in the entire game.
 F = Experience gained in this place divided by the number of levels of this place that you have seen.
                   A       B       C       D       E      F
               +-------+-------+-------+-------+-------+----------------------
         Total | 100.0 | 100.0 | 100.0 |  -nan | 100.0 | 385.3
       Dungeon | 100.0 | 100.0 | 100.0 |  -nan | 100.0 | 428.1
               +-------+-------+-------+-------+-------+----------------------

Vanquished Creatures
  A smoke demon (D:8)
  A hellwing (D:9)
  A spriggan (D:8)
  A hungry ghost (D:8)
  A hippogriff (D:9)
  3 ice beasts
  A phantom (D:8)
  A centaur (D:8)
  2 orc warriors
  2 ogres
  Blork the orc (D:8)
  A giant frog (D:8)
  3 killer bees (D:7)
  4 wights
  4 hounds
  3 iguanas
  A goliath beetle (D:7)
  An elf zombie (D:9)
  A jelly (D:6)
  An orc priest (D:9)
  2 orc wizards (D:8)
  5 worker ants
  A killer bee zombie (D:6)
  Ijyb (D:3)
  Jessica (D:2)
  A hound zombie (D:8)
  4 gnolls (D:6)
  7 adders
  A shadow imp (D:8)
  4 worms
  An iguana zombie (D:7)
  3 giant geckos (D:7)
  9 orcs
  7 giant cockroaches
  11 goblins
  12 hobgoblins
  12 jackals
  A quokka (D:2)
  11 bats
  4 giant newts
  A hobgoblin skeleton (D:5)
  8 kobolds
  An orc skeleton (D:4)
  An orc zombie (D:8)
  26 rats
  A rat skeleton (D:6)
  A butterfly (D:5)
171 creatures vanquished.

Vanquished Creatures (collateral kills)
  Erolcha (D:8)
  A giant gecko (D:8)
  A quokka (D:8)
3 creatures vanquished.

Vanquished Creatures (others)
  2 ynoxinuls (D:9)
  A human (D:8)
3 creatures vanquished.

Grand Total: 177 creatures vanquished

Notes
Turn   | Place    | Note
--------------------------------------------------------------
     0 | D:1      | gw, the Deep Dwarf Fighter, began the quest for the Orb.
     0 | D:1      | Reached XP level 1. HP: 20/20 MP: 1/1
   100 | D:1      | Reached XP level 2. HP: 27/27 MP: 2/2
   457 | D:1      | Reached skill level 1 in Throwing
   472 | D:1      | Reached XP level 3. HP: 24/33 MP: 3/3
   699 | D:2      | Noticed Jessica
   704 | D:2      | Killed Jessica
   704 | D:2      | Reached skill level 4 in Armour
  1046 | D:2      | Reached XP level 4. HP: 30/42 MP: 4/4
  2327 | D:3      | Reached XP level 5. HP: 26/49 MP: 5/5
  2389 | D:3      | Noticed Ijyb
  2400 | D:3      | Killed Ijyb
  2954 | D:4      | Noticed an ice beast
  3054 | D:4      | Reached XP level 6. HP: 29/56 MP: 6/6
  3095 | D:3      | Reached skill level 5 in Axes
  3129 | D:5      | Entered Level 5 of the Dungeon
  3252 | D:5      | Found a staircase to the Ecumenical Temple.
  3293 | Temple   | Entered the Ecumenical Temple
  3298 | Temple   | Became a worshipper of Makhleb the Destroyer
  3591 | D:6      | Found Ophat's General Store.
  3752 | D:6      | Reached skill level 5 in Armour
  3772 | D:6      | Reached XP level 7. HP: 27/63 MP: 7/7
  3778 | D:6      | Reached skill level 1 in Invocations
  3956 | D:6      | Found a sand-covered staircase.
  4307 | D:7      | Reached skill level 6 in Axes
  4381 | D:7      | Acquired Makhleb's first power
  4604 | D:7      | Found a shimmering altar of Xom.
  4613 | D:7      | Acquired Makhleb's second power
  4809 | D:7      | Reached XP level 8. HP: 30/72 MP: 8/8
  4871 | D:7      | Reached skill level 7 in Axes
  5078 | D:8      | Noticed Blork the orc
  5091 | D:8      | Killed Blork the orc
  5656 | D:8      | Found an ancient bone altar of Kikubaaqudgha.
  5681 | D:8      | Acquired Makhleb's third power
  5717 | D:8      | Reached skill level 8 in Axes
  5846 | D:8      | Reached skill level 5 in Fighting
  5846 | D:8      | Gained mutation: You passively map the area around you. [level up]
  5846 | D:8      | Reached XP level 9. HP: 55/81 MP: 8/8
  6044 | D:8      | Noticed Erolcha
  6116 | D:8      | Killed Erolcha
  6116 | D:8      | Reached skill level 5 in Invocations
  6614 | D:9      | Noticed a manticore
  6616 | D:9      | Noticed a hellwing
  6628 | D:9      | Found a staircase to the Orcish Mines.
  6712 | D:9      | Killed a hellwing
  6788 | D:9      | HP: 3/81 [barbs]
  6790 | D:9      | Succumbed to a manticore's barbed spikes

Action                   |  1- 3 |  4- 6 |  7- 9 || total
-------------------------+-------+-------+-------++-------
Melee: War axe           |   103 |   125 |       ||   228
       Battleaxe         |       |    48 |   371 ||   419
Throw: Stone             |    60 |   171 |    89 ||   320
       Tomahawk          |       |     3 |       ||     3
Invok: Minor Destruction |       |       |    18 ||    18
       Lesser Servant of |       |       |     7 ||     7
 Abil: Device Recharging |       |       |    10 ||    10
Evoke: Wand              |       |     8 |    41 ||    49
  Use: Scroll            |     6 |     4 |     2 ||    12
       Potion            |     3 |     4 |     1 ||     8
  Eat: Chunk             |       |     8 |    13 ||    21

Vault maps used:
D:1:      lemuel_arrival_rhombus
D:2:      first_bread, minmay_rat_hole, uniq_jessica
D:3:      uniq_iyjb
D:5:      minmay_temple_entry_butterflies
D:6:      enter_ossuary_3, serial_shops, shop, hangedman_abyss_or_decor_slice
D:7:      tgw_xom
D:8:      the_bakery, tgw_kikubaaqudgha, uniq_blork_the_orc, uniq_erolcha
D:9:      orc_0_dummy, grunt_ministairs_1
Temple:   nicolae_temple_the_god_donut
